Map: Deathaura LE

Players

HeroMarine

  • Race: Terran Terran
  • League: Master
  • Spawn Location: 5:00

ShoWTimE - Winner!

  • Race: Protoss Protoss
  • Spawn Location: 11:00

Event: StayAtHomestory Cup #2

VOD

Have the link to the VOD?

Description

Time

  • Played on: June 12, 2020, 11:47 a.m.
  • Length: 7:11

All games in this series

Show
View Real Time Build Order
Export as new Build Order

HeroMarine Terran 

Build Orders: Reaper Expand 

Get SALT Encoding   

  12  0:00  SCV  
  13  0:13  SCV  
  14  0:17  Supply Depot  
  14  0:25  SCV  
  15  0:38  SCV  
  15  0:40  Barracks  
  16  0:43  Refinery  
  16  0:50  SCV  
  17  1:02  SCV  
  18  1:14  SCV  
  19  1:26  Reaper  
  19  1:27  Orbital Command  
  20  1:41  Command Center  
  20  1:49  Supply Depot  
  20  1:53  SCV  
  21  1:58  Marine  
  22  2:05  SCV  
  23  2:09  Factory  
  23  2:17  SCV  
  23  2:18  Refinery  
  23  2:20  Barracks Reactor  
  24  2:29  SCV  
  25  2:41  SCV  
  26  2:53  Orbital Command  
  26  2:54  SCV, Widow Mine  
  26  2:55  Starport  
  26  2:57  Marine x2  
  31  3:06  SCV  
  32  3:15  Marine x2, Widow Mine  
  32  3:18  SCV x2  
  38  3:23  Supply Depot  
  38  3:30  SCV x2  
  38  3:33  Marine x2  
  41  3:41  Viking, Factory Tech Lab  
  41  3:42  SCV x2  
  45  3:51  Marine x2  
  45  3:54  SCV  
  45  3:55  SCV, Supply Depot  
  49  4:00  Siege Tank  
  52  4:06  SCV  
  52  4:07  SCV  
  52  4:09  Supply Depot  
  54  4:17  Supply Depot, Marine x2, Medivac  
  54  4:18  SCV  
  54  4:19  SCV  
  60  4:30  SCV, Supply Depot  
  60  4:31  SCV  
  62  4:32  Cyclone  
  62  4:34  Marine x2  
  67  4:42  SCV  
  67  4:43  SCV  
  69  4:46  Supply Depot  
  69  4:47  Viking  
  69  4:52  Marine x2  
  71  4:55  SCV x2  
  75  5:02  Engineering Bay  
  75  5:07  SCV x2  
  75  5:19  SCV x2  
  74  5:23  Factory Tech Lab  
  70  5:29  Missile Turret  
  70  5:30  Missile Turret, Raven  
  70  5:31  SCV x2  
  70  5:32  Marine x2  
  70  5:33  Supply Depot  
  76  5:43  SCV x2  
  78  5:50  Marine x2  
  78  5:53  Siege Tank  
  78  5:55  SCV  
  78  5:56  SCV  
  85  6:07  SCV  
  85  6:08  SCV, Marine x2  
  88  6:13  Viking  
  90  6:19  SCV  
  90  6:20  SCV  
  92  6:25  Marine  
  92  6:26  Marine  
  92  6:31  SCV  
  92  6:32  SCV  
  95  6:34  Siege Tank  
  98  6:40  Bunker  
  98  6:47  Bunker  
  98  6:50  SCV x2  
  98  6:53  Marine x2  
Show
View Real Time Build Order
Export as new Build Order

ShoWTimE Protoss - Winner!

Build Orders: 1 Gate Expand, Colossus Rush, Dark Templar Rush 

Get SALT Encoding   

  12  0:00  Probe  
  13  0:12  Probe  
  14  0:17  Pylon  
  14  0:24  Probe  
  15  0:30  Assimilator  
  15  0:34  Probe  
  15  0:42  Probe, Gateway  
  17  0:51  Probe  
  18  1:03  Probe  
  19  1:15  Probe  
  20  1:22  Nexus  
  20  1:31  Cybernetics Core  
  20  1:36  Probe  
  20  1:39  Assimilator  
  21  1:48  Probe  
  21  1:50  Pylon  
  22  1:58  Stalker  
  22  2:00  Probe  
  23  2:08  Warp Gate  
  25  2:12  Probe  
  26  2:17  Pylon  
  26  2:24  Probe  
  26  2:27  Adept  
  29  2:30  Probe  
  29  2:36  Probe  
  31  2:39  Probe  
  31  2:40  Twilight Council  
  32  2:44  Probe  
  32  2:49  Probe  
  34  2:52  Probe  
  35  3:01  Probe  
  35  3:03  Probe  
  37  3:10  Robotics Facility  
  37  3:13  Probe  
  37  3:15  Probe  
  37  3:18  Dark Shrine  
  39  3:21  Gateway  
  39  3:24  Probe  
  40  3:27  Probe  
  40  3:31  Gateway  
  40  3:32  Probe  
  41  3:39  Probe  
  41  3:40  Probe  
  43  3:43  Assimilator  
  43  3:45  Assimilator  
  43  3:47  Warp Prism  
  44  3:52  Probe x2  
  48  4:03  Pylon  
  48  4:04  Probe x2  
  50  4:10  Charge  
  50  4:16  Probe x2  
  52  4:19  Stalker  
  54  4:30  Dark Templar x2  
  58  4:34  Observer  
  59  4:39  Robotics Bay  
  59  4:43  Nexus  
  59  4:49  Probe  
  59  4:50  Probe, Pylon  
  61  5:01  Immortal, Probe  
  62  5:08  Probe  
  62  5:14  Probe  
  66  5:17  Pylon  
  66  5:18  Extended Thermal Lance  
  66  5:20  Probe  
  67  5:22  Gateway  
  67  5:23  Gateway  
  67  5:24  Colossus  
  65  5:29  Sentry  
  67  5:40  Forge  
  73  5:47  Gateway  
  73  5:50  Sentry  
  73  5:52  Shield Battery  
  73  5:56  Pylon  
  77  5:57  Shield Battery  
  77  6:01  Colossus  
  78  6:05  Zealot x2, Shield Battery  
  77  6:18  Pylon  
  77  6:19  Zealot  
  77  6:20  Zealot  
  77  6:22  Shield Battery  
  87  6:31  Zealot x3  
  93  6:37  Pylon  
  93  6:41  Zealot x3  
  99  6:47  Pylon  
  99  6:52  Pylon  
  99  6:56  Zealot x3  
  105  7:07  Zealot x3  
Tags
 
Add a new tag
Caveats
  • Supply blocks, unpowered buildings, or Contaminate may cause inaccurate times.
  • Supply counts are checked every 10 seconds.